 Dungeon Crawl Stone Soup version 0.18.1-6-gd335043 (webtiles) character file.

67 Hipnos the Firebug (level 4, -2/30 HPs)
             Began as a Human Fire Elementalist on May 15, 2016.
             Slain by an adder (4 damage)
             ... on level 2 of the Dungeon.
             The game lasted 00:05:50 (1964 turns).

Hipnos the Firebug (Human Fire Elementalist)        Turns: 1964, Time: 00:05:50

Health: -2/30      AC:  3    Str:  8    XL:     4   Next: 40%
Magic:  0/8        EV: 12    Int: 17    God:
Gold:   84         SH:  0    Dex: 13    Spells: 3 memorised, 2 levels left

rFire  . . .     SeeInvis .     f - -3 dagger (curse)
rCold  . . .     Gourm    .     a - +0 robe
rNeg   . . .     Faith    .     (no shield)
rPois  .         Spirit   .     (no helmet)
rElec  .         Dismiss  .     (no cloak)
rCorr  .         Reflect  .     (no gloves)
SustAt .         Harm     .     i - +0 pair of boots
MR     .....                    (no amulet)
Stlth  ++........               (no ring)
                                (no ring)

@: lethally poisoned (-2 -> -10), very slightly contaminated, hasted, very
quick, not resistant to hostile enchantments, unstealthy
A: no striking features
a: no special abilities


You were on level 2 of the Dungeon.
You were not hungry.

You visited 1 branch of the dungeon, and saw 2 of its levels.

You collected 84 gold pieces.

Inventory:

Hand Weapons
 d - a +3 dagger
 f - a cursed -3 dagger (weapon)
 k - a +0 short sword of holy wrath
Armour
 a - a +0 robe (worn)
 i - a +0 pair of boots (worn)
Books
 b - a book of Flames

   Spells                             Type                      Level
   a - Flame Tongue                   Conjuration/Fire             1
   b - Throw Flame                    Conjuration/Fire             2
   c - Conjure Flame                  Conjuration/Fire             3
   d - Inner Flame                    Hexes/Fire                   3
   e - Sticky Flame                   Conjuration/Fire             4
   f - Fireball                       Conjuration/Fire             5
Comestibles
 c - 3 bread rations
 h - 4 fruits
 j - 7 chunks of flesh


   Skills:
 - Level 2.0 Dodging
 - Level 2.0 Stealth
 * Level 2.6 Spellcasting
 * Level 1.9 Conjurations
 * Level 4.0 Fire Magic


You had 2 spell levels left.
You knew the following spells:

 Your Spells              Type           Power        Failure   Level  Hunger
a - Flame Tongue          Conj/Fire      ##...        6%          1    #......
b - Throw Flame           Conj/Fire      ##....       10%         2    ##.....
c - Conjure Flame         Conj/Fire      ##......     17%         3    ###....


Dungeon Overview and Level Annotations

Branches:
Dungeon (2/15)

Altars:


Message History

* * * LOW HITPOINT WARNING * * *
You are lethally poisoned!
The adder poisons you!
* * * LOW HITPOINT WARNING * * *
You feel sick.
* * * LOW HITPOINT WARNING * * *
You feel sick.
Drink which item? (? for menu, Esc to quit)
It was a potion of haste.
You feel yourself speed up.
* * * LOW HITPOINT WARNING * * *
You feel sick. The adder barely misses you. The adder bites you.
* * * LOW HITPOINT WARNING * * *
Casting: Flame Tongue
Confirm with . or Enter, or press ? or * to list all spells.
You don't have enough magic to cast that spell.
Unknown command.
You barely miss the adder.
The adder is severely wounded.
The adder bites you.
You die...

....# ....# (...... ....#
......... #### ....#
.........###..### . #####
........##......##..
....................
....................
##................... ###
#..........@S..).....
..####......).##......##..
.....÷.........###..###
.÷...............####.
....##................
....###...............
....# ##.....#########
....# ####### ...##


You could see an adder.

Vanquished Creatures
  A gnoll (D:1)
  An adder (D:2)
  3 dart slugs (D:1)
  A giant gecko (D:1)
  4 bats (D:1)
  2 giant cockroaches
  6 goblins
  4 hobgoblins
  2 jackals (D:2)
  2 giant newts (D:1)
  6 kobolds
  10 rats
42 creatures vanquished.

Notes
Turn   | Place    | Note
--------------------------------------------------------------
     0 | D:1      | Hipnos the Human Fire Elementalist began the quest for the Orb.
     0 | D:1      | Reached XP level 1. HP: 13/13 MP: 3/3
    69 | D:1      | Reached XP level 2. HP: 19/19 MP: 1/5
   513 | D:1      | Reached XP level 3. HP: 11/24 MP: 0/6
   947 | D:1      | HP: 1/24 [hobgoblin (2)]
   959 | D:1      | HP: 1/24 [hobgoblin (1)]
  1514 | D:1      | Reached XP level 4. HP: 18/30 MP: 1/7
  1622 | D:1      | Learned a level 2 spell: Throw Flame
  1626 | D:1      | Learned a level 3 spell: Conjure Flame
  1854 | D:2      | Reached skill level 4 in Fire Magic
  1964 | D:2      | Slain by an adder

Skill      XL: |  1  2  3  4 |
---------------+-------------+-----
Fire Magic     | 4 |  4.0
Dodging        | |  2.0
Stealth        | |  2.0
Spellcasting   | |  2.6
Conjurations   | |  1.9

Action                   |  1- 3 |  4- 6 || total
-------------------------+-------+-------++-------
Melee: Unarmed           |    19 |       ||    19
       Dagger            |    83 |    24 ||   107
 Cast: Flame Tongue      |    58 |    18 ||    76
  Use: Scroll            |       |     2 ||     2
       Potion            |       |     1 ||     1
  Eat: Chunk             |     2 |     2 ||     4
Armor: Robe              |    46 |     8 ||    54
Dodge: Dodged            |   140 |    21 ||   161
